Map: Ulrena

Players

capac - Winner!

  • Race: Terran Terran
  • League: Gold

A.I. 1 (Elite)

  • Race: Terran Terran

VOD

Have the link to the VOD?

Description

Time

  • Played on: Feb. 26, 2016, 1:17 p.m.
  • Length: 11:30
Show
View Real Time Build Order
Export as new Build Order

capac Terran - Winner!

Build Orders: MMM Bio 

Get SALT Encoding   

  12  0:00  SCV  
  13  0:13  SCV  
  14  0:17  Supply Depot  
  14  0:25  SCV  
  15  0:39  SCV  
  16  0:44  Barracks  
  16  0:47  Refinery  
  16  0:55  SCV  
  17  1:07  SCV  
  18  1:19  SCV  
  19  1:31  SCV  
  20  1:37  Command Center  
  20  1:38  Barracks Reactor  
  20  1:44  SCV  
  21  1:59  Orbital Command  
  21  2:06  Supply Depot  
  21  2:17  Marine  
  21  2:18  Marine  
  23  2:25  Barracks  
  23  2:31  Factory  
  23  2:35  SCV  
  23  2:36  Marine x2  
  26  2:50  Orbital Command  
  26  2:54  Refinery  
  26  2:57  Marine x2  
  28  3:01  SCV  
  29  3:13  SCV  
  29  3:16  Barracks Tech Lab  
  29  3:18  Starport, Factory Reactor  
  30  3:21  SCV  
  30  3:22  Marine  
  30  3:24  Marine  
  33  3:31  SCV  
  34  3:38  Marine  
  34  3:40  Marine  
  36  3:42  Marine  
  36  3:43  Supply Depot  
  36  3:45  Stimpack  
  37  3:51  SCV x2  
  39  4:03  Engineering Bay, SCV  
  39  4:04  Marine x2, SCV  
  39  4:05  Marine  
  44  4:19  Medivac x2  
  44  4:22  Marine x3, SCV x2  
  53  4:34  Liberator  
  53  4:35  Supply Depot  
  53  4:36  SCV  
  54  4:43  Factory Tech Lab  
  54  4:45  Marine x3, SCV  
  61  4:56  SCV  
  61  4:57  SCV  
  63  5:02  Marine x3  
  63  5:05  Barracks  
  63  5:06  Barracks  
  66  5:07  Supply Depot  
  66  5:17  SCV  
  66  5:18  SCV  
  66  5:20  Marine x2  
  70  5:27  Refinery  
  70  5:29  Siege Tank, SCV  
  70  5:30  Supply Depot, SCV  
  70  5:32  Liberator  
  66  5:47  Marine x3  
  63  5:53  Supply Depot, SCV x2  
  63  5:55  Barracks Reactor  
  65  6:05  Marine x2, SCV x2  
  65  6:09  Refinery  
  69  6:12  Siege Tank  
  71  6:21  Barracks Reactor  
  71  6:29  Marine x2  
  71  6:30  Marine  
  71  6:32  Supply Depot  
  74  6:33  Marine  
  74  6:34  Marine  
  74  6:38  Combat Shields  
  76  6:41  Terran Infantry Weapons Level 1  
  78  6:47  Marine  
  77  6:55  Supply Depot  
  77  6:56  Marine x2  
  77  6:57  Marine x2  
  77  6:58  Marine x2  
  77  7:00  Medivac  
  85  7:02  Medivac  
  85  7:06  Marine  
  88  7:14  Marine x3  
  88  7:15  Marine  
  92  7:21  Supply Depot  
  92  7:22  Marine x2  
  92  7:23  Marine  
  92  7:27  Siege Tank  
  98  7:32  Marine x3  
  98  7:33  Marine  
  102  7:40  Marine x2, Medivac  
  102  7:41  Marine, Medivac  
  109  7:46  Supply Depot  
  109  7:50  Marine x3  
  109  7:51  Marine  
  113  8:02  Command Center  
  113  8:10  Supply Depot, Siege Tank  
  116  8:14  Marine x5  
  121  8:25  Marine x2  
  123  8:31  Marine  
  123  8:32  Marine x4  
  128  8:34  Supply Depot  
  128  8:42  Medivac x2  
  128  8:43  Marine x2  
  134  8:51  Supply Depot  
  134  8:52  Terran Infantry Armor Level 1  
  134  8:57  Supply Depot  
  123  9:20  Marine x3, Medivac x2  
  123  9:21  Marine x4  
  130  9:58  Marine x4  
  130  9:59  Marine x3  
  137  10:00  Medivac x2  
  137  10:06  Orbital Command  
  141  10:09  SCV  
  141  10:10  SCV  
  143  10:15  Supply Depot  
  143  10:22  SCV x2  
  143  10:25  Marine  
  143  10:26  Marine x6  
  152  10:29  Siege Tank  
  152  10:31  Medivac x2  
  159  10:40  Supply Depot  
  159  10:42  Supply Depot  
Show
View Real Time Build Order
Export as new Build Order

A.I. 1 (Elite) Terran 

Build Orders: MMM Bio 

Get SALT Encoding   

  12  0:00  SCV  
  13  0:13  SCV  
  14  0:20  Supply Depot  
  14  0:25  SCV  
  15  0:41  SCV  
  16  0:44  Barracks  
  16  0:53  SCV  
  17  1:05  SCV  
  18  1:17  Supply Depot  
  18  1:18  SCV  
  19  1:21  Refinery  
  19  1:30  SCV  
  19  1:31  Marine  
  21  1:42  SCV  
  22  1:49  Marine  
  22  1:53  Barracks  
  24  1:54  SCV  
  24  1:57  Refinery  
  24  2:05  Supply Depot  
  24  2:06  Orbital Command  
  24  2:07  Marine  
  25  2:25  Marine  
  26  2:32  SCV  
  27  2:40  Command Center  
  27  2:43  Marine  
  29  2:44  SCV  
  29  3:02  Factory  
  29  3:05  SCV  
  30  3:06  Marine  
  30  3:10  Marine  
  32  3:17  SCV  
  33  3:24  Marine  
  34  3:28  Marine  
  34  3:29  SCV  
  36  3:37  Barracks  
  36  3:41  SCV  
  36  3:44  Barracks Tech Lab  
  36  3:47  Barracks Tech Lab  
  36  3:51  SCV  
  36  3:53  SCV  
  38  4:01  Starport, Factory Tech Lab  
  38  4:03  SCV  
  38  4:05  SCV  
  40  4:13  Marine  
  40  4:15  Marine, SCV  
  43  4:17  SCV  
  43  4:21  Stimpack  
  44  4:25  Combat Shields  
  44  4:27  SCV  
  44  4:30  SCV  
  46  4:31  Supply Depot  
  46  4:32  Marine  
  46  4:35  Marine  
  48  4:40  SCV  
  48  4:42  SCV  
  48  4:45  Medivac  
  52  4:47  Marine  
  53  4:52  Marine  
  53  4:53  Orbital Command  
  53  4:55  Marine  
  53  4:57  SCV  
  56  5:04  Supply Depot  
  56  5:09  SCV  
  56  5:11  Marauder  
  56  5:13  Marauder  
  61  5:28  Supply Depot  
  61  5:32  Marauder  
  61  5:35  Marauder  
  52  5:54  Engineering Bay, Marauder, Barracks Reactor  
  54  6:00  Command Center  
  56  6:18  Marauder  
  56  6:20  Terran Infantry Weapons Level 1  
  56  6:23  Marauder  
  58  6:34  Engineering Bay  
  58  6:37  Medivac  
  58  6:39  Marauder  
  62  6:40  Concussive Shells  
  62  6:45  Marauder  
  64  6:59  Terran Infantry Armor Level 1  
  64  7:01  Marauder  
  66  7:05  Barracks  
  66  7:06  Marauder  
  66  7:07  Marine, Medivac  
  71  7:12  Supply Depot  
  71  7:15  SCV  
  72  7:17  SCV  
  72  7:20  SCV  
  74  7:27  SCV  
  74  7:29  SCV  
  76  7:32  SCV  
  77  7:38  Starport Reactor  
  77  7:39  SCV  
  77  7:41  SCV  
  79  7:45  SCV  
  81  7:51  SCV  
  81  7:53  SCV  
  81  7:57  SCV  
  83  8:00  Marauder  
  83  8:04  Missile Turret  
  85  8:08  Missile Turret  
  85  8:13  Command Center  
  85  8:17  Medivac  
  87  8:23  Orbital Command  
  87  8:25  Marine  
  87  8:26  Marine  
  89  8:28  Marine  
  90  8:35  Supply Depot  
  90  8:39  Viking  
  92  8:47  Viking  
  94  8:52  Liberator  
  94  8:59  Marine  
  94  9:01  Marine  
  78  9:03  Marine  
  78  9:05  Marine  
  78  9:07  Marine  
  57  9:17  Viking  
  57  9:18  Marauder  
  57  9:19  Marine  
  57  9:21  Marine  
  57  9:23  Marine  
  64  9:25  Marine  
  64  9:27  SCV  
  64  9:30  SCV  
  65  9:31  SCV  
  65  9:35  SCV  
  65  9:37  Marauder  
  57  9:38  Marine x2  
  57  9:41  Marine  
  57  9:43  Marine  
  43  9:56  Marine  
  43  10:00  Marine  
  28  10:18  Marine  
  27  10:22  SCV x2  
  25  10:35  SCV  
  25  10:38  Marine  
  25  10:40  SCV  
  25  10:42  Supply Depot  
  26  10:50  Refinery  
  26  10:55  Factory  
  23  10:59  Supply Depot  
  13  11:16  Supply Depot  
Tags
 
Composition
MMM BioMMM Bio
League
Gold
Matchup
TvT
Race
Terran
Add a new tag
Caveats
  • Supply blocks, unpowered buildings, or Contaminate may cause inaccurate times.
  • Supply counts are checked every 10 seconds.